 Dungeon Crawl Stone Soup version 0.18-a0-1314-g2549be2 (webtiles) character file.

415 Gottschkopf the Insei (level 6, -5/51 HPs)
             Began as a Draconian Transmuter on Feb 15, 2016.
             Slain by Herrn's ghost (13 damage)
             ... on level 3 of the Dungeon.
             The game lasted 00:12:05 (3067 turns).

Gottschkopf the Insei (Draconian Transmuter)        Turns: 3067, Time: 00:12:06

Health: -5/51      AC:  2    Str: 12    XL:     6   Next: 60%
Magic:  8/10       EV: 21    Int: 15    God:
Gold:   147        SH:  0    Dex: 17    Spells: 3 memorised, 5 levels left

rFire  . . .     SeeInvis .       - Unarmed
rCold  . . .     Gourm    .     (armour unavailable)
rNeg   . . .     Faith    .     (shield currently unavailable)
rPois  x         Spirit   .     (helmet currently unavailable)
rElec  .         Dismiss  .     (cloak currently unavailable)
rCorr  .         Reflect  .     (gloves currently unavailable)
SustAt .         Harm     .     (boots currently unavailable)
MR     .....                    (no amulet)
Stlth  ++........               (no ring)
                                (no ring)

@: spider-form (expiring), not resistant to hostile enchantments, unstealthy
A: unfitting armour, (cold-blooded), AC +6
a: End Transformation


You were on level 3 of the Dungeon.
You were not hungry.
You were a venomous arachnid creature.
You visited 1 branch of the dungeon, and saw 3 of its levels.

You collected 147 gold pieces.

Inventory:

Missiles
 a - 44 arrows
Armour
 g - a +0 pair of gloves (melded)
Wands
 n - a wand of flame (30/48)
 r - a wand of polymorph (11/24)
Scrolls
 d - 2 scrolls of identify {unknown}
 h - a scroll of recharging {unknown}
 k - 2 scrolls of fog {unknown}
 o - a scroll of teleportation {unknown}
Potions
 e - a potion of beneficial mutation {unknown}
 f - a potion of cure mutation {unknown}
 l - a potion of lignification {unknown}
 q - a potion of degeneration {unknown}
 s - a potion of ambrosia {unknown}
 t - a potion of mutation {unknown}
 u - a potion of might {unknown}
 v - a potion of agility
 x - a potion of heal wounds {unknown}
Books
 b - a book of Changes

   Spells                             Type                      Level
   a - Beastly Appendage              Transmutation                1
   b - Sticks to Snakes               Transmutation                2
   c - Spider Form                    Transmutation/Poison         3
   d - Ice Form                       Ice/Transmutation            4
   e - Blade Hands                    Transmutation                5
Comestibles
 c - 3 bread rations
 i - a royal jelly
 j - a meat ration
 m - a beef jerky
 p - a slice of pizza
 w - a chunk of flesh


   Skills:
 + Level 3.1 Fighting
 + Level 3.2 Dodging
 + Level 4.5 Unarmed Combat
 + Level 3.2 Spellcasting
 + Level 3.3 Transmutations
 + Level 1.1 Poison Magic


You had 5 spell levels left.
You knew the following spells:

 Your Spells              Type           Power        Failure   Level  Hunger
a - Beastly Appendage     Trmt           ##....       17%         1    #......
b - Sticks to Snakes      Trmt           ##......     24%         2    ##.....
c - Spider Form           Trmt/Pois      #.........   45%         3    ###....


Dungeon Overview and Level Annotations

Branches:
Dungeon (3/15)

Altars:
Trog
The Shining One

Annotations:
D:3 Herrn's ghost, amateur NaFi


Innate Abilities, Weirdness & Mutations

((Your plain brown scales are hard (AC +6).))
Your body does not fit into most forms of armour.
((You are cold-blooded and may be slowed by cold attacks.))


Message History

You completely miss Herrn's ghost.
Herrn's ghost is moderately damaged.
Herrn's ghost hits you!
You hit Herrn's ghost.
Herrn's ghost is moderately damaged.
You hit Herrn's ghost but do no damage.
Herrn's ghost is moderately damaged.
Herrn's ghost closely misses you.
You hit Herrn's ghost but do no damage.
Herrn's ghost is moderately damaged.
Herrn's ghost hits you!
You hit Herrn's ghost.
Herrn's ghost is moderately damaged.
Herrn's ghost hits you!
* * * LOW HITPOINT WARNING * * *
You hit Herrn's ghost.
Herrn's ghost is moderately damaged.
Your transformation is almost over.
Herrn's ghost hits you!
You die...

######.....# #...##...#.#
########## #...#......#
#......... #...#...._.#
#......... #...#......#
#......... #...#†...###
#......... #...#....#
#.........
#####...#....#####.........
................sWb........
#.################.........
#.# #......... #.#######
########## #.......#
#.....).# #.......##
.........# .........#


You could see Herrn's ghost and a bat.

Vanquished Creatures
  Sigmund (D:2)
  An orc priest (D:3)
  Ijyb (D:2)
  Natasha (thrice) (D:2)
  3 gnolls (D:3)
  3 adders
  2 giant geckos (D:2)
  4 orcs
  A ball python (D:2)
  3 bats
  6 giant cockroaches
  14 goblins
  8 hobgoblins
  A quokka (D:2)
  4 giant newts
  9 kobolds
  6 rats
70 creatures vanquished.

Notes
Turn   | Place    | Note
--------------------------------------------------------------
     0 | D:1      | Gottschkopf the Draconian Transmuter began the quest for the Orb.
     0 | D:1      | Reached XP level 1. HP: 16/16 MP: 3/3
   369 | D:1      | Found a glowing golden altar of the Shining One.
   381 | D:1      | Reached XP level 2. HP: 21/23 MP: 3/5
   389 | D:1      | Learned a level 2 spell: Sticks to Snakes
   857 | D:1      | Reached XP level 3. HP: 14/28 MP: 4/6
  1016 | D:1      | Learned a level 3 spell: Spider Form
  1312 | D:2      | Noticed Natasha
  1322 | D:2      | Killed Natasha
  1524 | D:2      | Reached XP level 4. HP: 27/36 MP: 5/7
  1577 | D:2      | Noticed Ijyb
  1589 | D:2      | Killed Ijyb
  1708 | D:2      | Noticed Sigmund
  1724 | D:2      | Killed Sigmund
  1724 | D:2      | Reached skill level 4 in Unarmed Combat
  1724 | D:2      | Reached XP level 5. HP: 42/42 MP: 1/9
  1856 | D:2      | Reached XP level 6. HP: 46/50 MP: 10/10
  2017 | D:2      | Noticed Natasha
  2025 | D:2      | Killed Natasha
  2460 | D:2      | Noticed Natasha
  2470 | D:2      | Killed Natasha
  2599 | D:3      | Reached skill level 1 in Poison Magic
  3009 | D:3      | Found a bloodstained altar of Trog.
  3033 | D:3      | Noticed Herrn's ghost (amateur NaFi)
  3067 | D:3      | Slain by Herrn's ghost

Vault maps used:
D:1:      dpeg_arrival_morbid_curiosity, tso_metal_star
D:2:      uniq_sigmund, uniq_natasha, uniq_iyjb
D:3:      first_bread, bloody_trog

Action                   |  1- 3 |  4- 6 || total
-------------------------+-------+-------++-------
Melee: Unarmed           |   127 |   138 ||   265
 Cast: Beastly Appendage |    27 |    13 ||    40
       Spider Form       |     1 |     6 ||     7
  Eat: Chunk             |     3 |     6 ||     9
